AoeStats
← Sked57

Arabia

509666400Analyzed
1v1 RM · 5d ago on Sep 27, 2026· 24m 43s· 2 players
Game mode
Random Map
Map size
Tiny (2 player)
Population
200
Speed
Normal
Resources
Standard
Victory
Conquest
Starting age
Dark Age
Ending age
Imperial Age
RankedLock teamsTeams togetherTeam positionsShared explorationLock speedFull tech treeHidden civsTurbo modeCheats
Victory
Defeat
🇪🇸 Italians · Spain
671
+16
🇫🇷 Persians · France
677
-16
destruktomatik
0:27 Loom
12:43 Feudal Age
13:09 Double-Bit Axe
13:17 Gold Mining
13:09 Horse Collar
18:27 Forging
21:53 Fletching
23:17 Scale Mail Armor
24:39 Padded Archer Armor
Sked57
9:59 Feudal Age
10:49 Double-Bit Axe
11:06 Horse Collar
18:00 Castle Age
16:49 Gold Mining
17:23 Stone Mining
18:55 Forging
18:48 Pikeman
20:41 Bloodlines
21:50 Wheelbarrow
21:48 Bow Saw
23:47 Scale Barding Armor
Connection lost

Rejoining the realm…

Still unreachable

The connection could not be restored.

Session expired

The server has moved on; the page needs a fresh start.